 Dungeon Crawl Stone Soup version 0.31.0-11-ge490571c62 (webtiles) character file.

Game seed: 5583215159047444676

84300 Goblin1989 the Force of Nature (level 15, 0/119 HPs)
             Began as a Demonspawn Delver on Feb 3, 2024.
             Was the Champion of Fedhas.
             Slain by an anaconda simulacrum (5 damage)
             ... in an ice cave.
             The game lasted 01:45:39 (21968 turns).

Goblin1989 the Force of Nature (Demonspawn Delver) Turns: 21968, Time: 01:45:39

Health: 0/119      AC: 40    Str: 20    XL:     15   Next: 34%
Magic:  25/25      EV: 13    Int: 12    God:    Fedhas [******]
Gold:   809        SH:  4    Dex: 21    Spells: 14/14 levels left

rFire   x . .        a - +4 dire flail
rCold   + + .        (shield currently unavailable)
rNeg    . . .        S - +0 ice dragon scales
rPois   +            (no helmet)
rElec   .            (no cloak)
rCorr   +            y - +1 pair of gloves of the Circus Animal {Str+2}
SInv    .            H - +0 pair of boots
Will    .....        r - amulet of regeneration
Stlth   +            I - +4 ring of protection
HPRegen 2.19/turn    A - ring of Vanity {+Blink rPois Will- rCorr Dex+6}
MPRegen 0.19/turn

%: no passive effects
@: sanguine armoured, constricted
A: hooves 2, icemail 2, powered by death 2, sanguine armour 3, condensation
shield
a: Renounce Religion, Evoke Blink, Wall of Briars, Grow Ballistomycete,
Overgrow, Grow Oklob


You were in an ice cave.
You worshipped Fedhas.
Fedhas was exalted by your worship.
You visited 5 branches of the dungeon, and saw 22 of its levels.
You also visited: Ice Cave.

You collected 1921 gold pieces.
You spent 1112 gold pieces at shops.

Inventory:

Hand Weapons
 a - a +4 dire flail (weapon)
 b - the +10 orcbow of an ice cave {flame, Int+3}
   (You bought it in a shop on level 7 of the Dungeon)

   Int+3:     It affects your intelligence (+3).
 e - a +0 dagger of distortion {!w}
 V - a +4 great mace of flaming
Missiles
 h - 5 curare-tipped darts
 m - 9 javelins {@Q3}
 F - 3 throwing nets {!d , @Q1}
 G - 57 poisoned darts
Armour
 y - the +1 pair of gloves of the Circus Animal (worn) {Str+2}
   (You found it on level 2 of the Lair of Beasts)

   Str+2:     It affects your strength (+2).
 B - a +1 scale mail
 H - a +0 pair of boots (worn)
 S - +0 ice dragon scales (worn)
Jewellery
 r - an amulet of regeneration (around neck)
 u - an amulet of faith {!P}
 A - the ring of Vanity (right hand) {+Blink rPois Will- rCorr Dex+6}
   (You found it on level 3 of the Dungeon)

   [ring of dexterity]

   Dex+6:     It affects your dexterity (+6).
   rPois:     It protects you from poison Will-: It decreases your willpower.
   +Blink:    It lets you blink.
   rCorr:     It protects you from acid and corrosion.
 I - a +4 ring of protection (left hand)
 N - a ring of resist corrosion
 U - a ring of flight
 W - a ring of magical power
 Z - a ring of fire
Wands
 g - a wand of digging (10) {@v3}
 E - a wand of charming (9) (quivered)
 M - a wand of flame (25) {@v1}
 T - a wand of light (17)
 X - a wand of roots (11)
Scrolls
 c - 2 scrolls of fog
 d - 2 scrolls of revelation
 i - 3 scrolls of immolation
 j - 6 scrolls of enchant weapon
 k - a scroll of silence
 n - 5 scrolls of acquirement {unknown}
 o - 4 scrolls of amnesia
 s - 5 scrolls of poison
 w - 5 scrolls of teleportation {!r, @r2}
 D - 2 scrolls of brand weapon
 J - 4 scrolls of noise
 P - 3 scrolls of fear
Potions
 f - 5 potions of haste {@q3,}
 p - 3 potions of attraction
 q - 5 potions of heal wounds {@q2}
 t - 3 potions of invisibility
 v - a potion of resistance {@q5}
 x - 4 potions of mutation {!q}
 z - 2 potions of cancellation
 K - a potion of might {@q4}
 L - 4 potions of curing {@q1}
 O - 4 potions of enlightenment
 Q - 2 potions of ambrosia
 Y - a potion of berserk rage


   Skills:
 - Level 11.5 Fighting
 - Level 13.6 Maces & Flails
 * Level 10.8 Ranged Weapons
 - Level 8.2 Armour
 - Level 10.2 Dodging
 - Level 4.5 Stealth
 + Level 14.3 Invocations


You had 14 spell levels left.
You didn't know any spells.
Your spell library contained the following spells:

 Spells                   Type           Power      Damage    Failure   Level
 Sandblast                Erth           0%         2d4       69%         1
 Sting                    Conj/Alch      0%         1d3       69%         1
 Blink                    Tloc           0%         N/A       83%         2
 Ensorcelled Hibernation  Hex/Ice        0%         N/A       83%         2
 Lesser Beckoning         Tloc           0%         N/A       83%         2
 Mercury Vapours          Alch/Air       0%         N/A       83%         2
 Momentum Strike          Conj/Tloc      0%         3d8       83%         2
 Scorch                   Fire           0%         2d5       83%         2
 Call Canine Familiar     Summ           0%         N/A       96%         3
 Dazzling Flash           Conj/Hex       0%         N/A       96%         3
 Gell's Gravitas          Tloc           0%         N/A       96%         3
 Mephitic Cloud           Conj/Alch/Air  0%         N/A       96%         3
 Passwall                 Erth           0%         N/A       96%         3
 Sigil of Binding         Hex            0%         N/A       96%         3
 Stone Arrow              Conj/Erth      0%         3d7       96%         3
 Swiftness                Air            0%         N/A       96%         3
 Teleport Other           Tloc           0%         N/A       96%         3
 Volatile Blastmotes      Fire/Tloc      0%         2d10      96%         3
 Animate Armour           Summ/Erth      0%         N/A       100%        4
 Brom's Barrelling Bould  Conj/Erth      0%         2d3       100%        4
 Dimensional Bullseye     Hex/Tloc       0%         N/A       100%        4
 Flame Wave               Conj/Fire      0%         2d4       100%        4
 Fulminant Prism          Conj/Alch      0%         3d5       100%        4
 Iskenderun's Mystic Bla  Conj/Tloc      0%         2d3       100%        4
 Martyr's Knell           Necr/Summ      0%         N/A       100%        4
 Olgreb's Toxic Radiance  Alch           0%         N/A       100%        4
 Petrify                  Alch/Erth      0%         N/A       100%        4
 Summon Lightning Spire   Summ/Air       0%         N/A       100%        4
 Curse of Agony           Necr           0%         N/A       100%        5
 Freezing Cloud           Conj/Ice/Air   0%         6-21      100%        5
 Lee's Rapid Deconstruct  Erth           0%         3d4*      100%        5
 Silence                  Hex/Air        0%         N/A       100%        5
 Sculpt Simulacrum        Ice/Alch       0%         N/A       100%        6
 Summon Cactus Giant      Summ           0%         N/A       100%        6
 Fire Storm               Conj/Fire      0%         5d1       100%        9


Dungeon Overview and Level Annotations

Branches:
Dungeon (12/15) Zot: 25605  Temple (1/1) D:5 Zot: 5981    Lair (5/5) D:9 Zot: 23956
 Shoals (0/4) Lair:2        Snake (2/4) Lair:2 Zot: 10894   Slime (0/5) Lair:4
    Orc (2/2) D:12 Zot: 9590     Elf (0/3) Orc:2         IceCv (1/1) Zot: 5940

Altars:
Ashenzari
Cheibriados
Dithmenos
Fedhas
Gozag
Hepliaklqana
Kikubaaqudgha
Makhleb
Nemelex Xobeh
Okawaru
Qazlal
Ru
Sif Muna
Trog
Uskayaw
Vehumet
Wu Jian
Xom
Yredelemnul
Jiyva
Lugonu

Shops:
D:2 *   D:7 (:   D:11 *[(([   D:12 *   Orc:2 *[*(

Portals:
Abyss: Lair:5

Annotations:
D:3 exclusion: 2 goblins
D:7 2 transporters
D:10 2 transporters, heinrich's ghost, journeyman DsCA
D:11 exclusions: door and 1 more exclusion


Innate Abilities, Weirdness & Mutations

You have hoof-like feet.
A meltable icy envelope protects you from harm. (AC +8)
You regenerate health from kills.
When seriously injured, your blood forms very thick armour. (AC +12)
A meltable shield of frost defends you. (SH +4)


Message History

The anaconda simulacrum bites you. The anaconda simulacrum freezes you!
You resist. The anaconda simulacrum constricts you.
You take 13 damage, and have 65/119 hp.
You escape the anaconda simulacrum's grasp.
The freezing wraith attacks as it pursues you!
The freezing wraith hits you but does no damage.
The freezing wraith misses you.
You are too injured to fight recklessly!
You are too injured to fight recklessly!
You are too injured to fight recklessly!
You barely miss the freezing wraith.
The freezing wraith hits you but does no damage. x2
You sock the freezing wraith!
The freezing wraith is moderately damaged.
The freezing wraith hits you but does no damage.
The freezing wraith completely misses you.
You thump the freezing wraith!
The freezing wraith is severely damaged.
The freezing wraith misses you. You block the freezing wraith's attack.
You impale the freezing wraith!!
You destroy the freezing wraith!
Fedhas accepts your kill.
You regained 2 hp, and now have 71/119 hp.
You hit the freezing wraith.
The freezing wraith is moderately damaged.
The freezing wraith hits you but does no damage. x2
The anaconda simulacrum grabs you.
The anaconda simulacrum closely misses you.
The anaconda simulacrum constricts you.
You hit the freezing wraith but do no damage.
The freezing wraith is moderately damaged.
The spriggan defender simulacrum barely misses you.
The anaconda simulacrum bites you but does no damage.
The anaconda simulacrum constricts you.
The freezing wraith completely misses you.
The freezing wraith hits you but does no damage.
You take 1 damage, and have 70/119 hp.
You hit the freezing wraith but do no damage.
The freezing wraith is moderately damaged.
The spriggan defender simulacrum hits you!
The spriggan defender simulacrum freezes you!
You resist. The anaconda simulacrum bites you.
The anaconda simulacrum freezes you! You resist.
* * * LOW HITPOINT WARNING * * *
The anaconda simulacrum constricts you.
You take 24 damage, and have 46/119 hp.
MASSIVE DAMAGE!!
You hit the freezing wraith.
The freezing wraith is moderately damaged.
The anaconda simulacrum bites you.
* * * LOW HITPOINT WARNING * * *
The anaconda simulacrum freezes you! You resist.
* * * LOW HITPOINT WARNING * * *
The anaconda simulacrum constricts you.
The spriggan defender simulacrum hits you but does no damage.
The freezing wraith barely misses you.
The freezing wraith hits you but does no damage.
You take 9 damage, and have 37/119 hp.
You escape the anaconda simulacrum's grasp.
The spriggan defender simulacrum hits you but does no damage.
The freezing wraith hits you!
* * * LOW HITPOINT WARNING * * *
The freezing wraith freezes you. You resist.
* * * LOW HITPOINT WARNING * * *
The freezing wraith hits you but does no damage.
You take 11 damage, and have 26/119 hp.
The anaconda simulacrum attacks as it pursues you!
You block the anaconda simulacrum's attack.
The anaconda simulacrum bites you.
* * * LOW HITPOINT WARNING * * *
The anaconda simulacrum freezes you! You resist.
* * * LOW HITPOINT WARNING * * *
The spriggan defender simulacrum attacks as it pursues you!
The spriggan defender simulacrum hits you but does no damage.
The anaconda simulacrum grabs you. The anaconda simulacrum misses you.
The anaconda simulacrum constricts you.
You take 9 damage, and have 17/119 hp.
You barely miss the anaconda simulacrum.
The anaconda simulacrum bites you but does no damage.
The anaconda simulacrum constricts you.
You bludgeon the anaconda simulacrum!!
The anaconda simulacrum is heavily damaged.
The anaconda simulacrum bites you but does no damage. x2
The anaconda simulacrum constricts you.
You regained 2 hp, and now have 20/119 hp.
You closely miss the anaconda simulacrum.
The anaconda simulacrum is heavily damaged.
The freezing wraith hits you but does no damage.
The freezing wraith misses you. The anaconda simulacrum bites you.
* * * LOW HITPOINT WARNING * * *
The anaconda simulacrum freezes you! You resist.
* * * LOW HITPOINT WARNING * * *
The anaconda simulacrum constricts you.
You take 8 damage, and have 12/119 hp.
You hit the anaconda simulacrum.
The anaconda simulacrum is heavily damaged.
The anaconda simulacrum bites you!
* * * LOW HITPOINT WARNING * * *
The anaconda simulacrum freezes you. You resist.
You die...
Fedhas appreciates your contribution to the ecosystem.

██ ██○.█
█.██.§██
██°.§§☼○██
█§☼..█§○.██
█§..███...█
..§☼○°°
██...█
.█☼█§☼.
█...██
██°☼.███WZ.██
██████@Z...██
█..Z∩...█
█.......█
██..∩..██
██...██


█████ You could see a freezing wraith, 2 anaconda simulacra and a spriggan
defender simulacrum.

Vanquished Creatures
  Azrael (Snake:1)
  3 hydras
  A boulder beetle (D:11)
  4 two-headed ogres
  Urug (Lair:2)
  5 orc high priests (Orc:2)
  2 naga sharpshooters (Snake:2)
  Sonja (Lair:4)
  4 thrashing horrors (Lair:5)
  4 skeletal warriors (D:12)
  A skyshark (Lair:5)
  A naga ritualist (Snake:1)
  3 mana vipers (Snake:1)
  A lindwurm (Lair:2)
  A spriggan simulacrum (IceCv)
  3 harpies
  4 orc knights (Orc:2)
  5 ugly things
  4 manticores
  2 salamanders (Snake:1)
  5 orc sorcerers
  4 elephants (Lair:5)
  A guardian serpent (Snake:1)
  15 black mambas
  A smoke demon (Lair:5)
  2 torpor snails (Lair:5)
  7 kobold blastminers
  2 ice statues (Snake:2)
  14 cane toads
  Maggie (D:9)
  7 kobold demonologists
  A large abomination (Lair:5)
  2 rime drakes
  6 komodo dragons
  2 freezing wraiths (IceCv)
  2 anaconda simulacra (IceCv)
  An unseen horror (D:12)
  An ice devil (IceCv)
  2 polar bears
  7 trolls
  26 blink frogs
  A raiju (Lair:5)
  A hornet (D:8)
  A slime creature (D:9)
  3 centaur simulacra (D:12)
  A vampire (D:11)
  3 water elementals
  2 shadows
  9 wyverns
  2 ynoxinuls (Lair:5)
  A spriggan (Lair:5)
  A wraith (D:10)
  39 yaks
  4 wargs (Orc:2)
  2 steam dragons
  4 basilisks
  4 chaos spawn (Lair:5)
  3 fire elementals (Snake:1)
  3 vampire mosquitoes (D:10)
  8 nagas
  An acid dragon (D:12)
  11 water moccasins
  4 hell hounds (Snake:1)
  6 black bears
  41 orc warriors
  2 ice beasts
  4 centaurs
  10 small abominations (Lair:5)
  15 ogres
  25 wolves
  10 kobold brigands
  8 bullfrogs
  A gnoll sergeant (D:11)
  4 scorpions
  4 jellies
  27 wights
  A lindwurm simulacrum (IceCv)
  11 killer bees (D:10)
  2 electric eels (D:12)
  A howler monkey (D:9)
  A hound (D:6)
  2 lava snakes (D:9)
  A gnoll bouda (D:3)
  29 orc priests
  An iguana (D:4)
  15 orc wizards
  8 gnolls
  3 adders
  A shadow imp (D:5)
  2 white imps
  3 ufetubi (D:12)
  3 ribbon worms
  3 dart slugs
  81 orcs
  6 ball pythons
  5 bats
  8 endoplasms
  2 giant cockroaches
  10 goblins
  2 hobgoblins
  4 quokkas
  2 frilled lizards
  28 kobolds
  4 rats
664 creatures vanquished.

Vanquished Creatures (collateral kills)
  An orc warlord (Orc:2)
  A spriggan (Lair:5)
  2 orc priests (Orc:2)
  An orc wizard (Orc:2)
  2 orcs (Orc:2)
  5 ballistomycete spores
12 creatures vanquished.

Vanquished Creatures (others)
  2 orcs
  A quokka (D:5)
3 creatures vanquished.

Grand Total: 679 creatures vanquished

Notes
Turn   | Place    | Note
-------+----------+-------------------------------------------
     0 | D:5      | Goblin1989 the Demonspawn Delver began the quest for the
                  | Orb.
     0 | D:5      | Reached XP level 1. HP: 18/18 MP: 1/1
     7 | Temple   | Entered the Ecumenical Temple
    10 | Temple   | Goblin1989: !rng
    10 | Temple   | Goblin1989: ??rng
    10 | Temple   | beem: rng[1/15]: More properly a *pseudo*-random number
                  | generator. Unlike true random numbers, pseudo-random
                  | numbers are generated out of spite, in order to make you
                  | cry.
    16 | Temple   | Goblin1989: ??fedhas
    16 | Temple   | beem: fedhas[1/6]: God of plants. 0*: All plants become
                  | friendly to you. You can walk through plants (at 50%
                  | speed), fire through plants, and any non-melee effect of
                  | yours that hits a plant won't harm it or cause pennance.
                  | 1*: {Wall of Briars}. 3*: {Grow Ballistomycete}. 4*:
                  | {Overgrow}. 5*: {Grow Oklob}. Piety gained from kills.
    16 | Temple   | Became a worshipper of Fedhas Madash
   158 | D:5      | Gained mutation: You regenerate a little health from kills.
                  | [demonic ancestry]
   158 | D:5      | Reached XP level 2. HP: 23/24 MP: 2/2
   334 | D:2      | Found Aculu's Assorted Antiques.
   572 | D:1      | Found a faded altar of an unknown god.
   612 | D:1      | Gained mutation: When seriously injured, your blood forms
                  | armour. (AC +12) [demonic ancestry]
   612 | D:1      | Reached XP level 3. HP: 21/29 MP: 3/3
   711 | D:1      | Reached * piety under Fedhas
  2090 | D:3      | Identified the ring of Vanity {+Blink rPois Will- rCorr
                  | Dex+6}
  2216 | D:3      | Found an iron altar of Okawaru.
  2698 | D:3      | Reached skill level 1 in Invocations
  2698 | D:3      | Gained mutation: You have large cloven feet. [demonic
                  | ancestry]
  2698 | D:3      | Reached XP level 4. HP: 32/35 MP: 4/4
  2985 | D:4      | Noticed a scorpion
  2999 | D:4      | Killed a scorpion
  3027 | D:4      | Reached skill level 2 in Invocations
  3027 | D:4      | Gained mutation: When seriously injured, your blood forms
                  | thick armour. (AC +12) [demonic ancestry]
  3027 | D:4      | Reached XP level 5. HP: 22/41 MP: 6/6
  3695 | D:5      | Noticed an ogre
  3721 | D:5      | Killed an ogre
  3722 | D:5      | Reached XP level 6. HP: 39/48 MP: 6/8
  3758 | D:5      | Found a snail-covered altar of Cheibriados.
  3826 | D:5      | Reached skill level 3 in Invocations
  3964 | D:5      | Reached skill level 5 in Maces & Flails
  4183 | D:5      | Identified the +1 spear "Kenaroodd" {venom, Dex+5 SInv}
  4396 | D:5      | Reached ** piety under Fedhas
  4397 | D:5      | Reached XP level 7. HP: 7/54 MP: 9/9
  4616 | D:6      | Reached skill level 4 in Invocations
  4790 | D:6      | Found a broken altar of Ashenzari.
  5359 | D:6      | Reached XP level 8. HP: 35/57 MP: 11/11
  5360 | D:6      | Reached skill level 5 in Invocations
  5489 | D:6      | Reached skill level 5 in Fighting
  5692 | D:7      | Found a transporter.
  5692 | D:7      | Found a transporter.
  5783 | D:7      | Found Vomel's Weapon Shop.
  5898 | D:7      | Found a hazy altar of Hepliaklqana.
  5898 | D:7      | Found a faded altar of an unknown god.
  5904 | D:7      | Found a radiant altar of Vehumet.
  5906 | D:7      | Found a stormy altar of Qazlal.
  5908 | D:7      | Found a hide-covered altar of Uskayaw.
  6120 | D:7      | Found Beockoa's Self-Improvement Boutique.
  6131 | D:7      | Reached skill level 5 in Dodging
  6412 | D:8      | Gained mutation: When seriously injured, your blood forms
                  | very thick armour. (AC +12) [demonic ancestry]
  6412 | D:8      | Reached XP level 9. HP: 66/69 MP: 12/12
  6482 | D:8      | Reached *** piety under Fedhas
  6549 | D:8      | Got the Tome of Necrotic Battle Magic
  6616 | D:8      | Noticed a two-headed ogre
  6893 | D:8      | Killed a two-headed ogre
  7017 | D:8      | Found a sacrificial altar of Ru.
  7509 | D:9      | Reached skill level 1 in Armour
  7547 | D:9      | Identified the +0 quarterstaff of the Big Bang {freeze,
                  | *Corrode Dex+4}
  7602 | D:9      | Gained mutation: You regenerate health from kills. [demonic
                  | ancestry]
  7602 | D:9      | Reached XP level 10. HP: 60/79 MP: 14/14
  7614 | D:9      | Noticed Maggie
  7635 | D:9      | Killed Maggie
  7730 | D:9      | Found a staircase to the Lair.
  7854 | D:9      | Reached skill level 6 in Invocations
  8034 | D:9      | Reached skill level 10 in Maces & Flails
  8277 | D:9      | Reached **** piety under Fedhas
  8389 | D:10     | Entered Level 10 of the Dungeon
  8389 | D:10     | Noticed a manticore
  8414 | Lair:1   | Entered Level 1 of the Lair of Beasts
  8435 | Lair:1   | Reached skill level 7 in Invocations
  8532 | Lair:1   | Noticed a cane toad
  8560 | Lair:1   | Killed a cane toad
  8648 | Lair:1   | Noticed a cane toad
  8662 | Lair:1   | Killed a cane toad
  8663 | Lair:1   | Reached XP level 11. HP: 51/86 MP: 16/16
  9241 | Lair:1   | Reached skill level 8 in Invocations
  9749 | Lair:2   | Reached skill level 5 in Armour
  9752 | Lair:2   | Identified the +1 pair of gloves of the Circus Animal
                  | {Str+2}
  9864 | Lair:2   | Noticed Urug
  9882 | Lair:2   | HP: 4/89 [Urug/+4 great mace of holy wrath (17)]
  9884 | Lair:2   | Killed Urug
  9962 | Lair:2   | Noticed a four-headed hydra
  9970 | Lair:2   | Killed a four-headed hydra
 10093 | Lair:2   | Gained mutation: A meltable shield of frost defends you.
                  | (SH +4) [demonic ancestry]
 10093 | Lair:2   | Reached XP level 12. HP: 86/95 MP: 18/18
 10190 | Lair:2   | Found a staircase to the Snake Pit.
 10338 | Lair:2   | HP: 3/97 [harpy (11)]
 10490 | Lair:2   | Reached ***** piety under Fedhas
 10589 | Lair:2   | Found a staircase to the Shoals.
 10621 | Lair:2   | Reached skill level 10 in Fighting
 10814 | Lair:2   | Noticed a six-headed hydra
 10829 | Lair:2   | Killed a six-headed hydra
 10830 | Lair:2   | Reached skill level 9 in Invocations
 11389 | Lair:3   | Noticed a four-headed hydra
 11408 | Lair:3   | Killed a four-headed hydra
 11583 | Lair:3   | Identified the +5 bardiche of Doom {speed, rC- rCorr MP+9}
 12305 | Lair:4   | Gained mutation: A meltable icy envelope protects you from
                  | harm. (AC +8) [demonic ancestry]
 12305 | Lair:4   | Reached XP level 13. HP: 77/104 MP: 20/20
 12374 | Lair:4   | Reached skill level 10 in Invocations
 12428 | Lair:4   | Found a viscous altar of Jiyva.
 12429 | Lair:4   | Found a staircase to the Slime Pits.
 12464 | Lair:4   | Noticed Sonja
 12484 | Lair:4   | Killed Sonja
 12684 | Lair:4   | Identified the +6 war axe of Causality {flame, rPois rC++
                  | MP+9 Stlth-}
 13239 | Lair:5   | Entered Level 5 of the Lair of Beasts
 13996 | Lair:5   | Reached skill level 10 in Dodging
 14144 | Lair:5   | Reached skill level 11 in Invocations
 14148 | Lair:5   | Identified the +4 rapier of Scorn {speed, rF- rN+ Int+8
                  | Stlth+}
 14151 | Lair:5   | Reached ****** piety under Fedhas
 14417 | Lair:5   | Found a corrupted altar of Lugonu.
 14417 | Lair:5   | Found a one-way gate to the infinite horrors of the Abyss.
 14967 | D:10     | Found a transporter.
 14968 | D:10     | Noticed heinrich's ghost (journeyman DsCA)
 15092 | D:7      | Bought the +10 orcbow of an ice cave {flame, Int+3} for 974
                  | gold pieces
 15181 | D:10     | Found a transporter.
 15390 | D:10     | Reached skill level 1 in Ranged Weapons
 15496 | D:10     | Gained mutation: You have hoof-like feet. [demonic
                  | ancestry]
 15496 | D:10     | Reached XP level 14. HP: 113/113 MP: 22/22
 15893 | D:11     | Found Tutuz's Antique Weapon Emporium.
 15917 | D:11     | Found Teun's Weapon Shoppe.
 15919 | D:11     | Found Ruokkog's Assorted Antiques.
 15922 | D:11     | Found Haxealos's Antique Armour Boutique.
 15925 | D:11     | Found Demufepn's Armour Emporium.
 16604 | D:11     | Found a bloodstained altar of Trog.
 16918 | D:12     | Found Teidej Xiawk's Assorted Antiques.
 16928 | D:12     | Bought a scroll of identify for 74 gold pieces
 17043 | D:12     | Reached skill level 5 in Ranged Weapons
 17529 | D:12     | Found a staircase to the Orcish Mines.
 18002 | Orc:1    | Entered Level 1 of the Orcish Mines
 18208 | Orc:2    | Entered Level 2 of the Orcish Mines
 18318 | Orc:2    | Reached skill level 12 in Invocations
 19106 | Orc:2    | Found Xexan's Antique Armour Emporium.
 19150 | Orc:2    | Found Otutykh's Assorted Antiques.
 19458 | Orc:2    | Identified the +2 ring mail of Oblivion {Int+3}
 19487 | Orc:2    | Noticed an orc warlord
 19510 | Orc:2    | Paralysed by an orc sorcerer for 2 turns
 19623 | Orc:2    | Killed an orc warlord
 19624 | Orc:2    | Reached skill level 13 in Invocations
 19669 | Orc:2    | Found Ythru's General Store.
 19760 | Orc:2    | Bought a scroll of identify for 32 gold pieces
 19760 | Orc:2    | Bought a scroll of identify for 32 gold pieces
 20002 | Orc:2    | Found Besuluc's Weapon Shop.
 20159 | Orc:2    | Paralysed by an orc sorcerer for 5 turns
 20169 | Orc:2    | Gained mutation: A meltable icy envelope protects you from
                  | harm. (AC +8) [demonic ancestry]
 20169 | Orc:2    | Reached XP level 15. HP: 84/118 MP: 25/25
 20275 | Orc:2    | Found a staircase to the Elven Halls.
 20439 | Orc:2    | Got the Almanac of Virulence
 20760 | Snake:1  | Entered Level 1 of the Snake Pit
 20905 | Snake:1  | Noticed Azrael
 20942 | Snake:1  | Killed Azrael
 21047 | Snake:1  | Reached skill level 10 in Ranged Weapons
 21382 | Snake:1  | Reached skill level 14 in Invocations
 21877 | Snake:2  | Found a glacial archway.
 21901 | IceCv    | Entered an ice cave
 21968 | IceCv    | HP: 5/119 [anaconda simulacrum (8)]
 21968 | IceCv    | Slain by an anaconda simulacrum

Illustrated notes

Levels and vault maps discovered:
D:1:      lightli_arrival_lavapool, layout_loops_ring, basic_ecumenical_altar,
          nrook_campfire
D:2:      layout_loops_ring, serial_shops, shop, nicolae_eternal_life,
          chequers_serial_rivers_room_b, eino_curves_02,
          kennysheep_generic_room_12
D:3:      layout_basic, kennysheep_okawaru_gauntlet
D:4:      layout_basic
D:5:      layout_loops_corners, elyvilon_altar_4, slow_altar_1,
          minmay_temple_entry_trees, nicolae_letterblocks
          [nicolae_letter_subblock, nicolae_letter_subblock,
          nicolae_letter_subblock, nicolae_letter_subblock,
          nicolae_letter_subblock, nicolae_letter_subblock,
          nicolae_letter_subblock, nicolae_letter_subblock,
          nicolae_letter_subblock, nicolae_letter_subblock,
          nicolae_letter_subblock, nicolae_letter_subblock,
          nicolae_letter_subblock, nicolae_letter_subblock,
          nicolae_letter_subblock, nicolae_letter_subblock,
          nicolae_letter_subblock, nicolae_letter_subblock,
          nicolae_letter_subblock, nicolae_letter_subblock,
          nicolae_letter_subblock, nicolae_letter_subblock,
          nicolae_letter_subblock, nicolae_letter_subblock,
          nicolae_letter_subblock]
D:6:      layout_cave_pods, old_standard_altar
D:7:      gammafunk_beogh_shrine, layout_gridville, zin_treasury,
          chequers_temple_overflow_minitemple, serial_shops,
          nicolae_shop_window_shopping, nicolae_shop_self_help
D:8:      layout_loops_ring, nicolae_ru_sacrificial_ziggurat
D:9:      layout_roguey, minmay_lair_entry_grove, kennysheep_donut,
          minivault_27, uniq_maggie
D:10:     layout_cave_pods, gammafunk_ghost_stat_death, eino_tiny_chamber
D:11:     layout_basic, grunt_ministairs_12, nicolae_shop_national_dungeon_mall,
          tgw_trog
D:12:     nicolae_moon_pools, layout_loops_ring, hiddenorc1_lemuel,
          serial_shops, nicolae_shop_gibbet_a_chance, serial_ice, serial_ice_d,
          serial_ice_f, serial_ice_c, serial_ice_e
Temple:   hellmonk_temple_two_chambers
Lair:1:   layout_chaotic_city, lemuel_fruit_fields, grunt_megastairs_1
Lair:2:   layout_gridlike, nicolae_shoals_entry_roost,
          guppyfry_snake_entry_garden, grunt_megastairs_2,
          infiniplex_staircase_pool, uniq_urug
Lair:3:   layout_cave_pods, chequers_serial_rivers_micro_b
Lair:4:   layout_cave_pods, nicolae_slime_entry_slimehenge, uniq_sonja
Lair:5:   hellmonk_lair_end_abyssal_woods, layout_cave_shapes
Snake:1:  layout_gridlike, uniq_azrael
Snake:2:  layout_layer_cave, portal_ice_cave_entry_ice_statue_two
Orc:1:    layout_caves, basic_altar, blackcustard_mines_bat_river
Orc:2:    pubby_orc_utopia
IceCv:    ice_cave_small_necro

Skill      XL: |  1  2  3  4  5  6  7  8  9 10 11 12 13 14 15 |
---------------+----------------------------------------------+-----
Maces & Flails | 2 3 4 5 6 7 9 10 11 12 13 | 13.6
Dodging        | 2 3 5 6 7 8 9 10 | 10.2
Invocations    | 1 2 3 4 5 7 8 9 11 13 14 | 14.3
Fighting       | 4 6 7 8 9 10 11 | 11.5
Armour         | 1 3 5 7 8 |  8.2
Ranged Weapons | 2 9 10 | 10.8
Stealth        | |  4.5

Action                     |  1- 3 |  4- 6 |  7- 9 | 10-12 | 13-15 || total
---------------------------+-------+-------+-------+-------+-------++-------
  Melee: Mace              |    21 |       |       |       |       ||    21
         Whip              |   107 |       |       |       |       ||   107
         Flail             |       |   139 |   170 |       |       ||   309
         Kick              |       |    42 |    98 |   204 |       ||   344
         Punch             |       |     3 |       |       |       ||     3
         Dire flail        |       |       |   121 |   811 |  1456 ||  2388
   Fire: Orcbow            |       |       |       |       |   416 ||   416
  Throw: Javelin           |       |     4 |       |       |       ||     4
 Invoke: Wall of Briars    |       |       |     2 |     1 |     2 ||     5
         Grow Ballistomyce |       |       |       |     1 |     2 ||     3
         Grow Oklob        |       |       |       |       |     1 ||     1
  Evoke: Wand              |       |       |     8 |     1 |     6 ||    15
    Use: Scroll            |       |       |     9 |     4 |    18 ||    31
         Potion            |       |       |     1 |       |     3 ||     4
   Stab: Sleeping          |     8 |     4 |     1 |     1 |     4 ||    18
         Distracted        |       |       |       |     1 |       ||     1
 Armour: Leather armour    |    58 |       |       |       |       ||    58
         Ring mail         |    11 |   100 |   243 |       |       ||   354
         Scale mail        |       |       |    28 |   612 |   998 ||  1638
         Ice dragon scales |       |       |       |       |    53 ||    53
  Dodge: Dodged            |    64 |    71 |   190 |   619 |  1037 ||  1981
  Block: Other             |       |       |       |    58 |   224 ||   282
